 Dungeon Crawl Stone Soup version 0.25-a0-1071-g2607d5cfa1 (webtiles) character file.

Game seed: 3577770886896341818, levelgen mode: deterministic

154918 Essalna the Warrior (level 17, 0/113 HPs)
             Began as a Gargoyle Earth Elementalist on May 14, 2020.
             Was the Champion of Vehumet.
             Killed by the air
             ... invoked by a wind drake
              (20 damage)
             ... on level 4 of the Shoals.
             The game lasted 02:31:49 (41823 turns).

Essalna the Warrior (Gargoyle Earth Elementalist)  Turns: 41823, Time: 02:31:50

Health: 0/113      AC: 34    Str: 12    XL:     17   Next: 63%
Magic:  24/34      EV: 15    Int: 32    God:    Vehumet [******]
Gold:   3206       SH:  5    Dex: 17    Spells: 6/43 levels left

rFire    x . .     SeeInvis .   y - staff of earth
rCold    . . .     Gourm    .   Q - +0 buckler {AC+3}
rNeg     + . .     Faith    +   M - +1 scale mail "Baasm" {rElec Int+3 Stlth+} (curse)
rPois    ∞         Spirit   .   S - +2 hat {Int+3}
rElec    +         Reflect  .   Z - +1 cloak
rCorr    .         Harm     .   A - +0 pair of gloves
MR       ++...                  O - +1 pair of boots
Stlth    +.........             s - amulet of faith
HPRegen  0.28/turn              o - ring of Tobeonoa {rF- MR+ Int+3 Dex+7 Stlth-}
MPRegen  0.24/turn              H - +4 ring of evasion

@: marked, flying, very slightly contaminated
A: big wings, negative energy resistance 1, electricity resistance, unbreathing,
petrification resistance, rot immunity, AC +12
a: Stop Flying, Renounce Religion


You were on level 4 of the Shoals.
You worshipped Vehumet.
Vehumet was exalted by your worship.
You were not hungry.

You visited 5 branches of the dungeon, and saw 28 of its levels.

You collected 3437 gold pieces.
You spent 231 gold pieces at shops.

Inventory:

Hand Weapons
 j - a +8 club of venom
Missiles
 b - 479 stones (quivered)
Armour
 A - a +0 pair of gloves (worn)
 F - the +0 chain mail of the Dolphin {Str+2 Int+4}
   (You found it on level 3 of the Lair of Beasts)

   It affects your strength (+2).
   It affects your intelligence (+4).
 J - a +0 cloak
 M - the cursed +1 scale mail "Baasm" (worn) {rElec Int+3 Stlth+}
   (You found it on level 12 of the Dungeon)

   It affects your intelligence (+3).
   It insulates you from electricity.
   It makes you more stealthy.
   It has a curse placed upon it.
 O - a +1 pair of boots (worn)
 Q - a +0 buckler of protection (worn)
 S - a +2 hat of intelligence (worn)
 V - a +2 robe of magic resistance
 Z - a +1 cloak (worn)
Magical Staves
 y - an uncursed staff of earth (weapon)
 z - an uncursed staff of conjuration
 P - an uncursed staff of fire
Jewellery
 c - an uncursed ring of resist corrosion
 i - an uncursed ring of positive energy
 k - the ring of Yredelemnul's Fury {rC+ MP+9 AC-4 Dex+4}
   (You found it on level 3 of the Lair of Beasts)

   [ring of protection]

   It affects your AC (-4).
   It affects your dexterity (+4).
   It protects you from cold.
   It affects your magic capacity (+9).
 o - the ring of Tobeonoa (left hand) {rF- MR+ Int+3 Dex+7 Stlth-}
   (You found it on level 10 of the Dungeon)

   [ring of attention]

   It affects your intelligence (+3).
   It affects your dexterity (+7).
   It makes you vulnerable to fire.
   It affects your resistance to hostile enchantments.
   It makes you less stealthy.
 r - an uncursed ring of wizardry {unknown}
 s - an amulet of faith (around neck)
 H - a +4 ring of evasion (right hand)
 R - an uncursed amulet of reflection
 X - a +6 ring of intelligence
Wands
 B - a wand of disintegration (11)
 D - a wand of acid (42)
 I - a wand of paralysis (35)
 K - a wand of digging (11)
Scrolls
 a - 4 scrolls of enchant armour
 n - 11 scrolls of remove curse
 p - 6 scrolls of amnesia
 u - 4 scrolls of fear
 v - 9 scrolls of teleportation
 w - 4 scrolls of fog
 x - 7 scrolls of identify
 E - 6 scrolls of enchant weapon
 G - a scroll of acquirement
 L - 2 scrolls of blinking
 Y - a scroll of magic mapping
Potions
 e - 3 potions of heal wounds
 f - 13 potions of curing
 g - 6 potions of resistance
 h - a potion of magic
 l - 3 potions of berserk rage
 m - 2 potions of ambrosia
 q - 2 potions of brilliance
 t - 3 potions of might
 C - a potion of lignification {unknown}
 N - 3 potions of cancellation
 T - 3 potions of haste
Miscellaneous
 U - 2 phantom mirrors
Comestibles
 d - 37 rations
 W - 4 chunks of flesh


   Skills:
 + Level 15.6 Fighting
 - Level 11.0 Armour
 - Level 5.0 Dodging
 - Level 2.1 Stealth
 + Level 2.7 Shields
 + Level 13.6 Spellcasting
 - Level 12.2 Conjurations
 + Level 7.2 Summonings
 - Level 0.7 Transmutations
 + Level 10.1 Fire Magic
 - Level 14.1 Earth Magic


You had 6 spell levels left.
You knew the following spells:

 Your Spells              Type           Power        Failure   Level  Hunger
a - Sandblast             Erth           ######       1%          1    None
b - Passwall              Tmut/Erth      #######.     1%          2    None
c - Stone Arrow           Conj/Erth      ######       1%          3    None
d - Lee's Rapid Deconstr  Erth           ########..   1%          5    None
e - Starburst             Conj/Fire      #######...   4%          6    ###....
f - Iron Shot             Conj/Erth      ########..   1%          6    ###....
g - Orb of Destruction    Conj           #######...   13%         7    #####..
h - Spellforged Servitor  Conj/Summ      ######....   34%         7    #####..

Your spell library contained the following spells:

 Spells                   Type           Power        Failure   Level  Hunger
 Ignition                 Fire           ######....   89%         8    ######.
 Fire Storm               Conj/Fire      #######...   100%        9    #######
 Tornado                  Air            ###.......   100%        9    #######
 Summon Small Mammal      Summ           ####         1%          1    None
 Call Imp                 Summ           ######..     1%          2    None
 Call Canine Familiar     Summ           ######..     1%          3    None
 Ignite Poison            Fire/Tmut/Pois #####...     1%          3    None
 Static Discharge         Conj/Air       ######..     1%          3    None
 Fireball                 Conj/Fire      #######...   1%          5    None
 Freeze                   Ice            ###.         2%          1    None
 Hailstorm                Conj/Ice       ######..     2%          4    None
 Petrify                  Tmut/Erth      #######.     4%          4    None
 Lightning Bolt           Conj/Air       ######....   5%          5    None
 Summon Guardian Golem    Hex/Summ       #####...     6%          3    None
 Frozen Ramparts          Ice            ###...       7%          3    None
 Animate Skeleton         Necr           N/A          9%          1    None
 Apportation              Tloc           ###...       9%          1    None
 Corona                   Hex            ###....      9%          1    None
 Summon Ice Beast         Ice/Summ       #####...     21%         4    None
 Summon Lightning Spire   Summ/Air       #####...     21%         4    None
 Ozocubu's Armour         Chrm/Ice       ###.....     26%         3    None
 Shatter                  Erth           ########..   99%         9    #######
 Ring of Flames           Chrm/Fire      ######....   100%        7    #####..


Dungeon Overview and Level Annotations

Branches:
Dungeon (15/15)            Temple (1/1) D:5            Lair (6/6) D:9
 Shoals (4/4) Lair:4       Spider (0/4) Lair:2        Slime (0/5) Lair:5
    Orc (2/2) D:12            Elf (0/3) Orc:2        Vaults (0/5) D:14
 Depths (0/5) D:15

Altars:
Dithmenos
Elyvilon
Hepliaklqana
Kikubaaqudgha
Makhleb
Okawaru
Ru
Trog
Vehumet
Wu Jian
Zin
The Shining One
Beogh

Shops:
D:15 !:   Orc:1 =   Orc:2 [:?:

Annotations:
D:3 2 runed translucent doors, ra1n577's ghost, amateur MiBe


Innate Abilities, Weirdness & Mutations

You are resistant to torment.
Your stone body is resilient. (AC +12)
You are immune to poison.
Your large and strong wings let you fly indefinitely.
You resist negative energy. (rN+)
You are resistant to electric shocks. (rElec)
You can survive without breathing.
You are immune to petrification.
You are immune to rotting.


Message History

You feel much better.
The harpy screeches!
The harpy is engulfed in a cloud of scalding steam.
You block the harpy's attack. The harpy barely misses you.
The harpy misses you. x2
The wind drake flaps its wings at you.
The air twists around and violently strikes you in flight!!
* * * LOW HITPOINT WARNING * * *
The harpy is engulfed in a cloud of scalding steam.
The harpy closely misses you. The harpy barely misses you.
The wind drake flaps its wings at you.
The air twists around and violently strikes you in flight!
* * * LOW HITPOINT WARNING * * *
Blink to where?
Press: ? - help, Dir - move target cursor You are very lightly contaminated with residual magic.
As you read the scroll of blinking, it crumbles to dust.
The wind drake flaps its wings at you.
The air twists around and violently strikes you in flight!!
You die...

##..†≈m≈≈##.≈≈..t..≈≈.....
.#.≈≈≈≈≈##≈§≈...k..≈≈.... . .≈#
###..§.H##k≈####..##... ..#
###.......#..........#...
...≈....m....................
...≈≈≈.................≈....≈
..............#.......≈≈.# ≈≈
..............#.......≈≈.#.≈≈≈≈≈≈
≈≈≈≈..........#.@.....≈≈.#.≈≈≈≈≈≈
≈≈≈≈≈≈≈≈......#.......≈≈.#.≈≈≈≈≈≈
≈≈................≈≈...≈≈≈≈≈≈
≈≈≈≈...............≈...≈≈≈≈≈≈
≈.≈≈≈.....#).........#.≈≈≈.≈≈
≈#.≈≈.....##..####.≈##.......
###..≈...÷........≈..:......
##≈..........÷............
##.≈.....................


You could see 2 wind drakes and a harpy.

Vanquished Creatures
  Rupert (Lair:3)
  Polyphemus (Shoals:2)
  Frances (D:13)
  Gastronok (Lair:2)
  3 orc warlords (Orc:1)
  Louise (D:15)
  The ghost of Maedhros the Martial Artist, a journeyman OpAr of Cheibriados (Lair:6)
  Josephine (Shoals:1)
  A merfolk javelineer (Shoals:4)
  2 merfolk impalers (Shoals:4)
  A fire dragon (D:15)
  Erolcha (Orc:2)
  Harold (Orc:1)
  A vault guard (D:14)
  An ice dragon (D:15)
  3 hydras
  A merfolk avatar (Shoals:3)
  Erica (Orc:1)
  3 centaur warriors (D:14)
  8 two-headed ogres
  5 catoblepae
  3 alligator snapping turtles
  12 death yaks
  2 satyrs (Shoals:3)
  4 tengu warriors
  Sonja (Lair:1)
  Urug (Lair:4)
  Nergalle (Orc:2)
  A fire crab (Lair:6)
  4 skeletal warriors (D:13)
  10 sea snakes
  4 unseen horrors
  4 harpies (Shoals:4)
  2 wizards
  A necromancer (D:14)
  3 orc knights
  8 cyclopes
  4 oklob plants (Lair:3)
  12 manticores
  16 orc sorcerers
  14 fauns
  9 merfolk sirens
  13 ugly things
  Maurice (D:13)
  5 elephants (Lair:4)
  A gargoyle (D:15)
  5 water nymphs
  5 black mambas
  Psyche (D:12)
  9 spiny frogs
  Maggie (Lair:1)
  A kobold demonologist (D:14)
  4 komodo dragons
  5 rime drakes
  2 efreet
  2 ice devils (D:11)
  2 jumping spiders (Lair:2)
  3 meliai (D:15)
  15 merfolk
  5 wind drakes
  21 blink frogs
  Prince Ribbit (Lair:3)
  10 trolls
  A polar bear (Lair:4)
  Grinder (D:3)
  7 slime creatures
  24 dream sheep
  11 hippogriffs
  2 snapping turtles (Shoals:3)
  6 wraiths
  A vampire (D:12)
  2 shadows (D:14)
  5 wyverns
  67 yaks
  5 water elementals
  4 basilisks
  Grum (D:9)
  A steam dragon (Lair:4)
  2 hungry ghosts
  3 vampire mosquitoes (D:15)
  4 wargs
  2 soldier ants (D:13)
  13 water moccasins
  A sky beast (shapeshifter) (D:15)
  9 porcupines
  A black bear (D:6)
  A swamp drake (D:12)
  4 ice beasts
  34 orc warriors
  2 sky beasts
  17 ogres
  3 phantoms
  2 eyes of draining
  4 boggarts (D:15)
  6 wolves
  10 centaurs
  16 crocodiles
  5 big kobolds
  15 bullfrogs
  A gnoll sergeant (D:7)
  A wyvern zombie (D:12)
  3 scorpions
  10 killer bees
  16 wights
  4 howler monkeys
  5 crimson imps
  4 hounds
  4 centaur skeletons
  4 centaur zombies
  A quasit (D:14)
  4 bullfrog zombies
  4 jellies
  23 orc priests
  32 orc wizards
  A gnoll shaman (D:7)
  Jessica (D:2)
  3 bullfrog skeletons
  4 iguanas
  Natasha (twice) (D:2)
  12 worker ants
  A killer bee zombie (D:5)
  5 gnolls (D:7)
  9 adders
  2 shadow imps
  2 adder zombies
  An ooze (D:2)
  An adder skeleton (D:6)
  2 worms (D:2)
  7 leopard geckos
  112 orcs
  A ball python (D:1)
  6 giant cockroaches
  5 goblins
  3 hobgoblins
  6 jackals
  39 kobolds
  8 quokkas
  7 bats
  4 frilled lizards
  A jackal skeleton (D:4)
  A leopard gecko skeleton (D:5)
  2 leopard gecko zombies (D:7)
  A quokka skeleton (D:4)
  A quokka zombie (D:7)
  6 rats
  A fungus (Lair:5)
932 creatures vanquished.

Vanquished Creatures (others)
  An orc wizard (Orc:2)
  A gnoll (D:7)
  2 orcs (D:15)
  12 fungi
  16 plants
32 creatures vanquished.

Grand Total: 964 creatures vanquished

Notes
Turn   | Place    | Note
-------+----------+-------------------------------------------
     0 | D:1      | Essalna the Gargoyle Earth Elementalist began the quest for
                  | the Orb.
     0 | D:1      | Reached XP level 1. HP: 10/10 MP: 3/3
   411 | D:1      | Reached XP level 2. HP: 8/16 MP: 0/5
  1127 | D:1      | Reached skill level 1 in Fighting
  1252 | D:1      | Reached skill level 1 in Armour
  1318 | D:1      | Reached XP level 3. HP: 16/20 MP: 6/6
  2340 | D:2      | Reached XP level 4. HP: 19/25 MP: 7/7
  2564 | D:2      | Noticed Jessica
  2574 | D:2      | Killed Jessica
  2574 | D:2      | Reached skill level 2 in Fighting
  2864 | D:2      | Learned a level 2 spell: Passwall
  2868 | D:2      | Learned a level 3 spell: Stone Arrow
  2904 | D:2      | Noticed Natasha
  2914 | D:2      | Killed Natasha
  2914 | D:2      | Reached XP level 5. HP: 22/30 MP: 9/9
  2950 | D:2      | Noticed Natasha
  2957 | D:2      | Killed Natasha
  3181 | D:2      | You fall into a shaft and drop 1 floor!
  3684 | D:3      | Noticed Grinder
  3693 | D:3      | Paralysed by Grinder for 3 turns
  3769 | D:3      | Paralysed by Grinder for 6 turns
  3780 | D:3      | Killed Grinder
  3780 | D:3      | Reached skill level 3 in Fighting
  3780 | D:3      | Reached skill level 5 in Earth Magic
  3780 | D:3      | Reached XP level 6. HP: 9/37 MP: 4/11
  4240 | D:3      | Found a large runed translucent door.
  4243 | D:3      | Noticed ra1n577's ghost (amateur MiBe)
  4243 | D:3      | Found a large runed translucent door.
  4421 | D:4      | Found a glowing golden altar of the Shining One.
  4866 | D:4      | Reached XP level 7. HP: 41/41 MP: 12/12
  5203 | D:4      | Reached skill level 4 in Fighting
  5760 | D:5      | Entered Level 5 of the Dungeon
  6197 | D:5      | Found a staircase to the Ecumenical Temple.
  6203 | Temple   | Entered the Ecumenical Temple
  6270 | Temple   | Became a worshipper of Vehumet
  6476 | D:5      | Reached XP level 8. HP: 35/48 MP: 14/14
  7184 | D:6      | Found an ornate altar of the Wu Jian Council.
  7494 | D:6      | Reached skill level 5 in Fighting
  7494 | D:6      | Reached skill level 5 in Armour
  7511 | D:7      | Reached * piety under Vehumet
  7511 | D:7      | Offered knowledge of Magic Dart by Vehumet.
  7709 | D:7      | Reached skill level 5 in Spellcasting
  8004 | D:7      | Reached XP level 9. HP: 46/55 MP: 9/17
  8090 | D:6      | Reached skill level 6 in Fighting
  9088 | D:8      | Noticed a two-headed ogre
  9107 | D:8      | Killed a two-headed ogre
  9239 | D:8      | Reached skill level 7 in Fighting
  9241 | D:8      | Offered knowledge of Foxfire by Vehumet.
  9298 | D:8      | Reached ** piety under Vehumet
  9311 | D:8      | Reached XP level 10. HP: 54/63 MP: 19/19
  9618 | D:8      | Learned a level 5 spell: Lee's Rapid Deconstruction
 10023 | D:9      | Offered knowledge of Frozen Ramparts by Vehumet.
 10168 | D:9      | Noticed a death yak
 10219 | D:10     | Entered Level 10 of the Dungeon
 10224 | D:10     | Reached *** piety under Vehumet
 10328 | D:10     | Noticed a two-headed ogre
 10339 | D:10     | Killed an unseen horror
 10339 | D:10     | Reached skill level 8 in Fighting
 10342 | D:10     | Killed a two-headed ogre
 10438 | D:10     | Found an iron altar of Okawaru.
 10457 | D:9      | Found a staircase to the Lair.
 10524 | D:9      | Noticed Grum
 10535 | D:9      | Reached skill level 10 in Earth Magic
 10544 | D:9      | Offered knowledge of Conjure Flame by Vehumet.
 10547 | D:9      | Reached XP level 11. HP: 53/69 MP: 9/22
 10554 | D:9      | Killed Grum
 10971 | D:9      | Noticed a two-headed ogre
 10975 | D:9      | Killed a two-headed ogre
 11207 | D:9      | Killed a death yak
 11349 | Lair:1   | Entered Level 1 of the Lair of Beasts
 11477 | Lair:1   | Noticed Maggie
 11484 | Lair:1   | Reached skill level 9 in Fighting
 11484 | Lair:1   | Reached skill level 5 in Dodging
 11561 | Lair:1   | Killed Maggie
 11561 | Lair:1   | Reached skill level 1 in Conjurations
 11820 | Lair:1   | Reached **** piety under Vehumet
 11854 | Lair:1   | Offered knowledge of Sticky Flame by Vehumet.
 12349 | Lair:1   | Noticed Sonja
 12353 | Lair:1   | Killed Sonja
 13201 | Lair:2   | Reached XP level 12. HP: 66/77 MP: 15/24
 13233 | Lair:2   | Reached skill level 10 in Fighting
 13931 | Lair:2   | Noticed a five-headed hydra
 13937 | Lair:2   | Killed a five-headed hydra
 14197 | Lair:2   | Found a hole to the Spider Nest.
 14513 | Lair:3   | Noticed Gastronok
 14513 | Lair:3   | Noticed Prince Ribbit
 14559 | Lair:3   | Reached skill level 5 in Conjurations
 14569 | Lair:3   | Noticed Rupert
 14691 | Lair:3   | Killed Prince Ribbit
 14988 | Lair:2   | Killed Gastronok
 15311 | Lair:3   | Reached ***** piety under Vehumet
 15562 | Lair:3   | Offered knowledge of Airstrike by Vehumet.
 15734 | Lair:3   | Got a slimy turquoise ring
 15736 | Lair:3   | Identified the cursed ring of Yredelemnul's Fury {rC+ MP+9
                  | AC-4 Dex+4} (You found it on level 3 of the Lair of Beasts)
 15994 | Lair:3   | Reached skill level 11 in Fighting
 16111 | Lair:3   | Paralysed by Rupert for 6 turns
 16164 | Lair:3   | Killed Rupert
 16164 | Lair:3   | Reached XP level 13. HP: 64/84 MP: 14/26
 16326 | Lair:3   | Reached skill level 10 in Spellcasting
 16437 | Lair:3   | Got a sapphire-encrusted chain mail
 16485 | Lair:3   | Identified the cursed +0 chain mail of the Dolphin {Str+2
                  | Int+4} (You found it on level 3 of the Lair of Beasts)
 16840 | Lair:4   | Noticed Urug
 16851 | Lair:4   | Killed Urug
 17237 | Lair:4   | Found a staircase to the Shoals.
 17817 | Lair:4   | Got a steaming scale mail
 17849 | Lair:4   | Identified the +5 scale mail "Zakuapt" {Harm rElec rCorr}
                  | (You found it on level 4 of the Lair of Beasts)
 19014 | Lair:5   | Found a staircase to the Slime Pits.
 19050 | Lair:5   | Reached skill level 12 in Fighting
 19148 | Lair:5   | Reached skill level 10 in Armour
 19154 | Lair:5   | Offered knowledge of Starburst by Vehumet.
 19162 | Lair:5   | Learned a level 6 spell: Starburst
 19503 | Lair:5   | Got a smoking scale mail
 19514 | Lair:5   | Identified the cursed +0 scale mail "Jywkaji" {rPois rC+
                  | Int-5} (You found it on level 5 of the Lair of Beasts)
 19600 | Lair:6   | Entered Level 6 of the Lair of Beasts
 19730 | Lair:6   | Reached skill level 1 in Fire Magic
 19924 | Lair:6   | Gained mutation: Your large and strong wings let you fly
                  | indefinitely. [Gargoyle growth]
 19924 | Lair:6   | Reached XP level 14. HP: 92/92 MP: 18/28
 20370 | Lair:6   | Noticed Maedhros's ghost (journeyman OpAr)
 20563 | Lair:6   | Found a runed translucent door.
 21456 | Lair:6   | Offered knowledge of Iron Shot by Vehumet.
 22286 | Lair:6   | Killed Maedhros's ghost
 22696 | D:10     | Got a pitted lead ring
 22698 | D:10     | Identified the ring of Tobeonoa {rF- MR+ Int+3 Dex+7
                  | Stlth-} (You found it on level 10 of the Dungeon)
 22985 | D:10     | Learned a level 6 spell: Iron Shot
 24395 | D:12     | Reached skill level 10 in Conjurations
 24403 | D:12     | Noticed Psyche
 24405 | D:12     | Killed Psyche
 24517 | D:12     | Offered knowledge of Bolt of Magma by Vehumet.
 24630 | D:12     | Reached skill level 13 in Fighting
 25115 | D:12     | Reached XP level 15. HP: 94/98 MP: 11/30
 25270 | D:12     | Reached skill level 5 in Fire Magic
 25526 | D:12     | Got a twisted scale mail
 25541 | D:12     | Identified the cursed +1 scale mail "Baasm" {rElec Int+3
                  | Stlth+} (You found it on level 12 of the Dungeon)
 26120 | D:12     | Found a staircase to the Orcish Mines.
 26230 | Orc:1    | Entered Level 1 of the Orcish Mines
 26230 | Orc:1    | Noticed Harold
 26258 | Orc:1    | Killed Harold
 26320 | Orc:1    | Offered knowledge of Orb of Destruction by Vehumet.
 26329 | Orc:1    | Learned a level 7 spell: Orb of Destruction
 26487 | Orc:1    | Noticed an orc warlord
 26500 | Orc:1    | Killed an orc warlord
 26881 | Orc:2    | Entered Level 2 of the Orcish Mines
 27094 | Orc:2    | Found a staircase to the Elven Halls.
 27113 | Orc:2    | Found a roughly hewn altar of Beogh.
 27841 | Orc:2    | Found Naaw Vowk's Antique Armour Shop.
 27864 | Orc:2    | Noticed Erolcha
 27866 | Orc:2    | Killed Erolcha
 27974 | Orc:2    | Found a radiant altar of Vehumet.
 28043 | Orc:2    | Found Saphouni's Magic Scroll Shop.
 28067 | Orc:2    | Offered knowledge of Spellforged Servitor by Vehumet.
 28074 | Orc:2    | Noticed Nergalle
 28093 | Orc:2    | Killed Nergalle
 28429 | Orc:2    | Found a roughly hewn altar of Beogh.
 28430 | Orc:2    | Found Ivirch's Book Shop.
 28435 | Orc:2    | Found an ancient bone altar of Kikubaaqudgha.
 28442 | Orc:2    | Bought a scroll of teleportation for 42 gold pieces
 28442 | Orc:2    | Bought a scroll of teleportation for 42 gold pieces
 28442 | Orc:2    | Bought a scroll of teleportation for 42 gold pieces
 28442 | Orc:2    | Bought a scroll of blinking for 105 gold pieces
 28509 | Orc:2    | Found Bisici Pics's Book Boutique.
 28519 | Orc:2    | Learned a level 7 spell: Spellforged Servitor
 28913 | Orc:1    | Noticed an orc warlord
 28918 | Orc:1    | Noticed an orc warlord
 28919 | Orc:1    | Identified the +0 dagger of Gravity {drain, Stlth+}
 29235 | Orc:2    | Reached skill level 1 in Summonings
 29326 | Orc:1    | Noticed Erica
 29516 | Orc:1    | Killed an orc warlord
 29518 | Orc:1    | Killed Erica
 29518 | Orc:1    | Offered knowledge of Chain Lightning by Vehumet.
 29694 | Orc:1    | Found Qiocarre's Jewellery Boutique.
 29872 | Orc:1    | Killed an orc warlord
 30414 | D:13     | Noticed Maurice
 30432 | D:13     | Paralysed by something for 6 turns
 30438 | D:13     | Killed Maurice
 30862 | D:13     | Noticed Frances
 30866 | D:13     | Killed Frances
 31129 | D:13     | Reached skill level 14 in Fighting
 31826 | D:14     | Reached ****** piety under Vehumet
 31874 | D:14     | Reached XP level 16. HP: 106/106 MP: 20/32
 33388 | D:14     | Found a gate to the Vaults.
 33502 | D:15     | Entered Level 15 of the Dungeon
 34295 | D:15     | Offered knowledge of Fire Storm by Vehumet.
 34295 | D:15     | Offered knowledge of Tornado by Vehumet.
 34295 | D:15     | Offered knowledge of Ignition by Vehumet.
 34367 | D:15     | Noticed Louise
 34601 | D:15     | Found Otriozap's Distillery.
 34610 | D:15     | Found Geuz's Book Emporium.
 34895 | D:15     | Found a staircase to the Depths.
 34980 | D:15     | Killed Louise
 35534 | Shoals:1 | Entered Level 1 of the Shoals
 35539 | Shoals:1 | Reached skill level 5 in Summonings
 35838 | Shoals:1 | Noticed Josephine
 35841 | Shoals:1 | Killed Josephine
 36644 | Shoals:2 | Noticed Polyphemus
 37378 | Shoals:2 | Killed Polyphemus
 37633 | Shoals:2 | Reached skill level 15 in Fighting
 37633 | Shoals:2 | Reached XP level 17. HP: 113/113 MP: 17/34
 37988 | Shoals:2 | You are sucked into a shaft and drop 1 floor!
 39910 | Shoals:3 | Identified 3 scrolls of acquirement
 39910 | Shoals:3 | Identified the +2 helmet of Biem {rF+ Stlth+} (You acquired
                  | it on level 3 of the Shoals)
 40037 | Shoals:3 | Identified the amulet of Wausyv {Acrobat rElec} (You
                  | acquired it on level 3 of the Shoals)
 40165 | Shoals:3 | Reached skill level 1 in Shields
 41114 | Shoals:4 | Entered Level 4 of the Shoals
 41255 | Shoals:4 | Reached skill level 10 in Fire Magic
 41823 | Shoals:4 | Killed from afar by a wind drake

Illustrated notes

Levels and vault maps discovered:
D:1:      lightli_arrival_windingriver, layout_basic
D:2:      layout_basic, uniq_natasha, uniq_jessica
D:3:      layout_loops_ring, ebering_ghost_disaster_area,
          grunt_decor_one_mirror, uniq_grinder
D:4:      layout_basic, nicolae_tso_carved_into_rock
D:5:      layout_basic, temple_green, first_ration, roderic_cross_of_infinity
D:6:      layout_loops_cross, lemuel_crystal_altar
D:7:      layout_cave_pools
D:8:      layout_cave_pools
D:9:      layout_roguey, david_lair_generic, uniq_grum
D:10:     layout_basic, basic_altar
D:11:     layout_irregular_city, portal_ice_cave_demonic_guard
D:12:     layout_loops_cross, erik_orc_1, uniq_psyche
D:13:     layout_roguey, gauntlet_entry_generic, uniq_maurice, uniq_frances
D:14:     layout_roguey, david_vaults_5, ebering_dispersal_statue_hall
D:15:     grunt_enter_depths_hoard, layout_small_grid, solitary_fountain,
          serial_shops, shop, nicolae_shop_trees, uniq_louise
Temple:   roderic_octagonal_lattice_temple
Lair:1:   layout_chaotic_city, st_stairs_11, lemuel_fruit_fields, uniq_sonja,
          uniq_maggie
Lair:2:   layout_chaotic_city, spider_nest_entry_funnel_web,
          infiniplex_staircase_pool
Lair:3:   layout_regular_city, st_stairs_8, grunt_megastairs_1,
          lemuel_fruit_fields, minmay_lair_oklob_chamber, uniq_gastronok,
          uniq_rupert, uniq_prince_ribbit2
Lair:4:   layout_regular_city, shoals_dummy_entry, uniq_urug
Lair:5:   layout_regular_city, slime_dummy
Lair:6:   evilmike_catoblepas_cave, layout_regular_city,
          hellmonk_ghost_happy_afterlife
Shoals:1: layout_shoals, uniq_josephine
Shoals:2: layout_shoals, uniq_polyphemus
Shoals:3: layout_shoals
Shoals:4: shoals_end_grunt_ice, layout_shoals, nicolae_shoals_square_sea_wall
Orc:1:    layout_caves, minmay_shop_enchanted_jewellery, minmay_orc_treasury,
          uniq_erica, uniq_harold
Orc:2:    kennysheep_orc_mage_school, layout_diamond_mine, basic_altar

Skill      XL: |  1  2  3  4  5  6  7  8  9 10 11 12 13 14 15 16 17 |
---------------+----------------------------------------------------+-----
Fighting       | 1 2 3 4 5 7 8 9 11 12 13 14 15 | 15.6
Armour         | 1 2 3 4 5 7 8 9 10 11 | 11.0
Earth Magic    | 4 5 6 7 8 10 11 12 13 14 | 14.1
Spellcasting   | 3 4 5 6 7 8 9 10 11 12 13 | 13.6
Dodging        | 2 4 5 |  5.0
Conjurations   | 3 7 8 10 11 12 | 12.2
Fire Magic     | 1 4 7 9 10 | 10.1
Summonings     | 2 5 7 |  7.2
Shields        | 2 |  2.7
Stealth        | |  2.1
Transmutations | |  0.7

Action                   |  1- 3 |  4- 6 |  7- 9 | 10-12 | 13-15 | 16-18 || total
-------------------------+-------+-------+-------+-------+-------+-------++-------
Melee: Unarmed           |    66 |       |       |       |       |       ||    66
       Whip              |   110 |    26 |       |       |       |       ||   136
       Club              |       |    97 |   243 |   241 |   309 |   359 ||  1249
       Staff             |       |       |       |       |       |     9 ||     9
 Cast: Sandblast         |    16 |    13 |    40 |    66 |    92 |    32 ||   259
       Stone Arrow       |       |       |    18 |    66 |   356 |   106 ||   546
       Lee's Rapid Decon |       |       |       |    85 |   152 |    87 ||   324
       Iron Shot         |       |       |       |       |    25 |    87 ||   112
       Starburst         |       |       |       |       |    22 |     9 ||    31
       Orb of Destructio |       |       |       |       |       |    23 ||    23
 Abil: Fly               |       |       |       |       |       |     1 ||     1
  Use: Scroll            |       |    10 |       |     2 |    22 |     5 ||    39
       Potion            |       |       |       |       |       |     3 ||     3
 Stab: Sleeping          |     5 |     3 |     7 |     1 |       |       ||    16
  Eat: Chunk             |     5 |     5 |    11 |    31 |    60 |    40 ||   152
       Ration            |       |     1 |     1 |     3 |     2 |     3 ||    10
Armor: Robe              |    64 |     7 |       |       |       |       ||    71
       Ring mail         |       |    66 |    26 |       |       |       ||    92
       Leather armour    |       |       |   103 |   149 |       |       ||   252
       Chain mail        |       |       |       |       |   211 |       ||   211
       Scale mail        |       |       |       |       |   156 |   418 ||   574
Dodge: Dodged            |   117 |    80 |   164 |   397 |   441 |   510 ||  1709
Block: Buckler           |       |       |       |       |       |    19 ||    19

Table legend:
 A = Non-vault XP
 B = Vault XP
 C = Vault XP percentage of total XP
 D = Non-vault monster count
 E = Vault monster count
 F = Vault count percentage of total count
                 A         B        C        D         E       F
            +---------+---------+-------+---------+---------+-------
      Total |  152266 |   69046 |  31.2 |     744 |     188 |  20.2
            +---------+---------+-------+---------+---------+-------
        D:1 |      44 |       0 |   0.0 |      23 |       0 |   0.0
        D:2 |     117 |      72 |  38.1 |      27 |       2 |   6.9
        D:3 |      47 |     272 |  85.3 |      16 |       1 |   5.9
        D:4 |     316 |       0 |   0.0 |      15 |       0 |   0.0
        D:5 |     361 |       0 |   0.0 |       9 |       0 |   0.0
        D:6 |     578 |       0 |   0.0 |      15 |       0 |   0.0
        D:7 |     969 |       0 |   0.0 |      25 |       0 |   0.0
        D:8 |    1969 |       0 |   0.0 |      14 |       0 |   0.0
        D:9 |    3336 |    1973 |  37.2 |      51 |       8 |  13.6
       D:10 |    3205 |       0 |   0.0 |      28 |       0 |   0.0
       D:11 |    4606 |     681 |  12.9 |      33 |       2 |   5.7
       D:12 |    9984 |    1031 |   9.4 |      54 |      18 |  25.0
       D:13 |    6360 |    2753 |  30.2 |      21 |       2 |   8.7
       D:14 |   14561 |    4077 |  21.9 |      47 |      11 |  19.0
       D:15 |   14641 |    3635 |  19.9 |      45 |       3 |   6.2
     Lair:1 |    2320 |    2153 |  48.1 |      13 |       5 |  27.8
     Lair:2 |    4945 |    2776 |  36.0 |      20 |       3 |  13.0
     Lair:3 |    2116 |    7832 |  78.7 |      12 |      16 |  57.1
     Lair:4 |    7979 |     835 |   9.5 |      26 |       1 |   3.7
     Lair:5 |    8028 |       0 |   0.0 |      37 |       0 |   0.0
     Lair:6 |   11535 |   13380 |  53.7 |      38 |      24 |  38.7
   Shoals:1 |    5546 |    1919 |  25.7 |      15 |       5 |  25.0
   Shoals:2 |   12496 |    6791 |  35.2 |      30 |       6 |  16.7
   Shoals:3 |   19370 |       0 |   0.0 |      37 |       0 |   0.0
   Shoals:4 |    7979 |    3695 |  31.7 |      15 |       6 |  28.6
      Orc:1 |    6117 |    6863 |  52.9 |      41 |      38 |  48.1
      Orc:2 |    2741 |    8308 |  75.2 |      37 |      37 |  50.0
            +---------+---------+-------+---------+---------+-------
